 Dungeon Crawl Stone Soup version 0.26-a0-812-g31a745ddcd (webtiles) character file.

Game seed: 3143498882217970418

775 kae the Gusty (level 7, -3/40 HPs)
             Began as a Tengu Air Elementalist on Nov 25, 2020.
             Was a Follower of Vehumet.
             Hit by a stone thrown by an orc warrior (17 damage)
             ... on level 6 of the Dungeon.
             The game lasted 00:04:26 (5982 turns).

kae the Gusty (Tengu Air Elementalist)              Turns: 5982, Time: 00:04:27

Health: -3/40      AC:  3    Str:  8    XL:     7   Next: 84%
Magic:  10/14      EV: 14    Int: 23    God:    Vehumet [*.....]
Gold:   247        SH:  0    Dex: 15    Spells: 4/14 levels left

rFire    . . .     SeeInvis .   d - +0 short sword (flame)
rCold    . . .     Faith    .   (no shield)
rNeg     . . .     Spirit   .   a - +0 robe
rPois    .         Reflect  .   (helmet restricted)
rElec    .         Harm     .   t - scarf {+Inv}
rCorr    .         Rampage  .   u - +0 pair of gloves
MR       .....                  (boots unavailable)
Stlth    ++........             (no amulet)
HPRegen  0.13/turn              x - +6 ring of intelligence
MPRegen  0.14/turn              k - +4 ring of slaying

@: no status effects
A: beak, talons 3, able to fly
a: Fly, Renounce Religion, Evoke Invisibility


You were on level 6 of the Dungeon.
You worshipped Vehumet.
Vehumet was aware of your devotion.
You visited 2 branches of the dungeon, and saw 7 of its levels.

You collected 247 gold pieces.

Inventory:

Hand Weapons
 d - a +0 short sword of flaming (weapon)
Armour
 a - a +0 robe (worn)
 t - a scarf of invisibility (worn)
 u - a +0 pair of gloves (worn)
Jewellery
 k - a +4 ring of slaying (right hand)
 p - a +4 ring of evasion
 r - an uncursed ring of stealth
 x - a +6 ring of intelligence (left hand)
 y - an uncursed amulet of regeneration {unknown}
Wands
 s - a wand of paralysis (11)
 w - a wand of digging (7)
 A - a wand of flame (24)
Scrolls
 e - 3 scrolls of remove curse
 j - a scroll of blinking
 m - 3 scrolls of immolation
 n - 4 scrolls of teleportation
 o - 2 scrolls of noise
 z - a scroll of identify
Potions
 b - a potion of cancellation
 c - 6 potions of curing
 f - a potion of attraction
 g - 3 potions of haste
 h - a potion of flight {unknown}
 i - a potion of heal wounds
 l - a potion of ambrosia
 q - 2 potions of degeneration {unknown}
 v - a potion of berserk rage {unknown}


   Skills:
 + Level 2.6 Fighting
 + Level 3.8 Dodging
 - Level 2.0 Stealth
 * Level 4.2 Spellcasting
 * Level 5.6 Conjurations
 * Level 6.8 Air Magic


You had 4 spell levels left.
You knew the following spells:

 Your Spells              Type           Power        Failure   Level
a - Shock                 Conj/Air       ####         1%          1
b - Static Discharge      Conj/Air       ####....     2%          3
c - Swiftness             Air            #####...     1%          2
d - Airstrike             Air            #####.....   6%          4

Your spell library contained the following spells:

 Spells                   Type           Power        Failure   Level
 Magic Dart               Conj           ####         1%          1
 Lightning Bolt           Conj/Air       ####......   22%         5


Dungeon Overview and Level Annotations

Branches:
Dungeon (6/15)             Temple (1/1) D:4

Altars:
Ashenzari
Cheibriados
Elyvilon
Fedhas
Hepliaklqana
Nemelex Xobeh
Okawaru
Qazlal
Ru
Sif Muna
Trog
Uskayaw
Vehumet
Wu Jian
Xom
Yredelemnul
Zin
The Shining One

Annotations:
D:5 1 runed translucent door, exclusion: worker ant, Danir's ghost, novice DsFi; Ijyb


Innate Abilities, Weirdness & Mutations

You have a beak for a mouth.
You have claws for feet.
You can fly continuously.


Message History

Vehumet accepts your kill.
Casting: Shock (safe; 1% risk of failure)
Confirm with . or Enter, or press ? or * to list all spells.
You can't see any susceptible monsters within range! (Use Z to cast anyway.)
An orc warrior comes into view.
It is wielding a +0 short sword and wearing a +0 plate armour of cold resistance.
An orc warrior is nearby!
An orc warrior is nearby!
An orc warrior is nearby!
An orc warrior is nearby!
Casting: Shock (safe; 1% risk of failure)
Confirm with . or Enter, or press ? or * to list all spells.
Aiming: Shock (safe; 1% risk of failure)
Press: ? - help, Shift-Dir - straight line, f - orc warrior
Aim: an orc warrior, wielding a +0 short sword, wearing a +0 plate armour of cold resistance and quivering 6 stones The zap hits the orc warrior.
The orc warrior is lightly wounded.
The orc warrior throws a stone.
The stone hits you!
The orc warrior throws a stone.
The stone completely misses you.
The orc warrior throws a stone.
The stone hits you!
You die...

.......$..
........
.o.... #...#
#.).# #..(##.
#...##.
#...##.###
#@(..#....
#..#.#..#
#..#.#..#
#.......#####
#.##........#
#<..#.#.###.#
#.#.#.....#.#
#.......#.#.#
#.......#.#.#


You could see an orc warrior.

Vanquished Creatures
  A sky beast (D:6)
  An ogre (D:5)
  A bullfrog (D:6)
  A water moccasin zombie (D:5)
  2 bullfrog zombies (D:5)
  2 hounds (D:5)
  2 orc priests
  2 bullfrog skeletons (D:5)
  A worker ant (D:5)
  A hound skeleton (D:5)
  A worker ant zombie (D:5)
  7 adders
  A howler monkey skeleton (D:4)
  2 shadow imps (D:5)
  A white imp (D:5)
  An ufetubus (D:5)
  An adder zombie (D:5)
  2 worms
  4 dart slugs
  5 leopard geckos
  9 orcs
  A ball python (D:1)
  A giant cockroach (D:4)
  3 goblins
  3 hobgoblins (D:2)
  9 jackals
  3 quokkas
  2 bats (D:3)
  3 frilled lizards
  A jackal skeleton (D:4)
  6 kobolds
  A leopard gecko skeleton (D:5)
  A leopard gecko zombie (D:5)
  A quokka skeleton (D:3)
  9 rats
92 creatures vanquished.

Notes
Turn   | Place    | Note
-------+----------+-------------------------------------------
     0 | D:1      | kae the Tengu Air Elementalist began the quest for the Orb.
     0 | D:1      | Reached XP level 1. HP: 10/10 MP: 4/4
   295 | D:1      | Reached XP level 2. HP: 15/15 MP: 4/6
   782 | D:1      | You fall into a shaft and drop 1 floor!
  1211 | D:2      | Reached XP level 3. HP: 20/20 MP: 1/7
  1216 | D:2      | Learned a level 3 spell: Static Discharge
  1368 | D:1      | Learned a level 2 spell: Swiftness
  1554 | D:2      | Found an iron altar of Okawaru.
  1565 | D:2      | Found a glowing silver altar of Zin.
  2321 | D:3      | Reached XP level 4. HP: 24/24 MP: 6/8
  2782 | D:4      | Reached skill level 1 in Fighting
  3285 | D:4      | Reached skill level 5 in Air Magic
  3466 | D:4      | Gained mutation: You can fly continuously. [Tengu growth]
  3466 | D:4      | Reached XP level 5. HP: 10/29 MP: 3/10
  3931 | D:4      | Found a staircase to the Ecumenical Temple.
  4007 | D:4      | Found a shimmering blue altar of Sif Muna.
  4020 | Temple   | Entered the Ecumenical Temple
  4070 | Temple   | Became a worshipper of Vehumet
  4217 | D:4      | Learned a level 4 spell: Airstrike
  4339 | D:5      | Entered Level 5 of the Dungeon
  4520 | D:5      | Reached XP level 6. HP: 35/35 MP: 1/11
  4987 | D:5      | Found a runed translucent door.
  4987 | D:5      | Noticed Danir's ghost (novice DsFi)
  5017 | D:5      | Reached skill level 6 in Air Magic
  5017 | D:5      | Reached XP level 7. HP: 28/40 MP: 8/13
  5118 | D:5      | Noticed Ijyb
  5159 | D:5      | Found the +7 mace of Variability {chain chaos}
  5378 | D:5      | Reached skill level 5 in Conjurations
  5838 | D:6      | Reached * piety under Vehumet
  5838 | D:6      | Offered knowledge of Magic Dart by Vehumet.
  5982 | D:6      | Hit by a stone thrown by an orc warrior

Illustrated notes

Levels and vault maps discovered:
D:1:      minmay_arrival_pointy, layout_basic, dk_noncrumbling_2
D:2:      layout_rooms, amethyst_overflow_temple_binary, minivault_26,
          kennysheep_generic_room_14
D:3:      layout_rooms, kennysheep_nondescript
D:4:      layout_gridville, lemuel_crystal_altar, minmay_temple_entry_glass,
          serial_park_tiny_pond
D:5:      layout_rooms, gammafunk_ghost_grave, corexii_corridor_pit,
          kennysheep_generic_room_7, uniq_ijyb
D:6:      layout_basic, grunt_dithmenos_smoke_and_mirrors
Temple:   eino_wide_crystal_templ

Skill      XL: |  1  2  3  4  5  6  7 |
---------------+----------------------+-----
Conjurations   | 2 3 4 5 |  5.6
Fighting       | 1 2 |  2.6
Air Magic      | 5 6 |  6.8
Spellcasting   | 3 4 |  4.2
Dodging        | 3 |  3.8
Stealth        | |  2.0

Action                   |  1- 3 |  4- 6 |  7- 9 || total
-------------------------+-------+-------+-------++-------
Melee: Short sword       |    23 |    29 |    13 ||    65
       Peck              |     2 |     5 |     3 ||    10
       Kick              |       |     7 |     5 ||    12
 Cast: Shock             |    55 |   110 |    24 ||   189
       Airstrike         |       |       |     4 ||     4
       Static Discharge  |       |       |     4 ||     4
       Swiftness         |       |       |     2 ||     2
  Use: Scroll            |     2 |     7 |     5 ||    14
 Stab: Sleeping          |     4 |     2 |     1 ||     7
Armor: Robe              |     6 |     9 |     2 ||    17
Dodge: Dodged            |    27 |    24 |    13 ||    64

Table legend: (Time is in decaauts)
 A = Elapsed time spent in this place.
 B = Non-inter-level travel time spent in this place.
 C = Inter-level travel time spent in this place.
 D = Time resting spent in this place.
 E = Time spent auto-exploring this place.
 F = Levels seen in this place.
 G = Mean time per level.
                   A        B        C        D        E       F      G
               +--------+--------+--------+--------+--------+-----+--------+
         Total |   5983 |   5769 |    214 |     78 |   5059 |   7 |  854.7 |
       Dungeon |   5910 |   5718 |    192 |     78 |   5012 |   6 |  985.0 |
        Temple |     72 |     51 |     21 |      0 |     47 |   1 |   72.0 |
               +--------+--------+--------+--------+--------+-----+--------+

Top non-repeatable levels by time:
     D:4: 1598 daAuts
     D:5: 1335 daAuts
     D:3: 1018 daAuts
     D:1: 903 daAuts
     D:2: 762 daAuts
     D:6: 292 daAuts
  Temple: 72 daAuts
